[Event "Hunan Belt and Road Open 2019"]
[Site "Hunan"]
[Date "2019.08.01"]
[Round "4.16"]
[White "Lupulescu, Constantin"]
[Black "Wang, Chen"]
[Result "1-0"]
[ECO "B46"]
[WhiteElo "2649"]
[BlackElo "2476"]
[Annotator "RC"]
[PlyCount "99"]
[EventDate "2019.07.29"]
[EventType "swiss"]
[EventCountry "CHN"]
[SourceTitle "playchess.com"]
[Source "ChessBase"]
[SourceQuality "1"]
[TimeControl "5400+30"]

1. e4 c5 2. Nf3 e6 3. d4 cxd4 4. Nxd4 Nc6 5. Nc3 a6 6. Nxc6 bxc6 7. Bd3 d5 8. O-O Nf6 9. Qe2 Be7 10. b3 Qc7 11. f4 Bb7 12. Bb2 h5 13. e5 Nd7 14. Na4 g6 15. c4 Nc5 16. Nxc5 Bxc5+ 17. Kh1 d4 18. Be4 Qb6 19. Rad1 O-O-O 20. Rd3 Rd7 21. a3 a5 22. Rb1 Kc7 23. Bc1 Ba6 24. Qc2 Rb8 25. b4 axb4 26. Rdb3 d3 27. Bxd3 Rbd8 28. Bd2 Be7 29. axb4 Kb8 30. Rf1 Qd4 31. Be1 Qa1 32. Bc3 Qa4 33. Be2 Bh4 34. g3 Be7 35. Ra1 Rd2 36. Qb1 Qxa1 37. Qxa1 Rxe2 38. Ra3 Bb7 39. c5 Rd3 40. Bd4 Rdd2 41. Bg1 Rb2 42. Rd3 Ra2 43. Qd4 Bc8 44. b5 cxb5 45. c6 Ra6 46. Rc3 Kc7 47. Rc1 b4 48. Qc4 Rd2 49. Bc5 Rxc6 50. Bd6+ 1-0

[Event "Hunan Belt and Road Open 2019"]
[Site "Hunan"]
[Date "2019.08.01"]
[Round "4.19"]
[White "Lin, Yi"]
[Black "Ju, Wenjun"]
[Result "1/2-1/2"]
[ECO "D90"]
[WhiteElo "2406"]
[BlackElo "2595"]
[Annotator "ChessBase"]
[PlyCount "70"]
[EventDate "2019.07.29"]
[EventType "swiss"]
[EventCountry "CHN"]
[SourceTitle "playchess.com"]
[Source "ChessBase"]
[SourceQuality "1"]
[TimeControl "5400+30"]

1. d4 Nf6 2. c4 g6 3. Nc3 d5 4. Bf4 Bg7 5. e3 c6 6. Nf3 O-O 7. cxd5 cxd5 8. h3 Qb6 9. a3 Bf5 10. Na4 Qd8 11. Be2 Nbd7 12. O-O Rc8 13. Qb3 Bc2 14. Qb4 Nb8 15. Rac1 Nc6 16. Qb5 Bxa4 17. Qxa4 Qb6 18. b4 a5 19. b5 Na7 20. Nd2 Rfe8 21. Nb3 Ne4 22. Qxa5 Qxa5 23. Nxa5 Nc3 24. Bg4 f5 25. Bf3 b6 26. Nc6 Naxb5 27. a4 Nxd4 28. Nxd4 e5 29. Nb5 Nxb5 30. Bxd5+ Kf8 31. Bxe5 Bxe5 32. axb5 Rxc1 33. Rxc1 Rd8 34. Bf3 f4 35. exf4 Bxf4 1/2-1/2

[Event "Hunan Belt and Road Open 2019"]
[Site "Hunan"]
[Date "2019.08.01"]
[Round "4.23"]
[White "Lagno, Kateryna"]
[Black "Xu, Minghui"]
[Result "1/2-1/2"]
[ECO "C84"]
[WhiteElo "2549"]
[BlackElo "2401"]
[Annotator "ChessBase"]
[PlyCount "91"]
[EventDate "2019.07.29"]
[EventType "swiss"]
[EventCountry "CHN"]
[SourceTitle "playchess.com"]
[Source "ChessBase"]
[SourceQuality "1"]
[TimeControl "5400+30"]

1. e4 e5 2. Nf3 Nc6 3. Bb5 a6 4. Ba4 Nf6 5. O-O Be7 6. d3 b5 7. Bb3 d6 8. a4 b4 9. a5 O-O 10. Nbd2 Be6 11. Nc4 Rb8 12. c3 Qc8 13. d4 exd4 14. cxd4 d5 15. exd5 Bxd5 16. Nce5 Qe6 17. Bxd5 Qxd5 18. Qe2 Bd6 19. Qxa6 Nxd4 20. Nxd4 Qxe5 21. Nf3 Qd5 22. Qe2 Rfe8 23. Qd1 Qb5 24. a6 Ra8 25. Qa4 Qxa4 26. Rxa4 Nd7 27. Be3 Bc5 28. Nd4 Bb6 29. Nc6 Bxe3 30. fxe3 Nc5 31. Rxb4 Rxa6 32. Ne7+ Kf8 33. Nd5 Ne6 34. Rb7 Rc6 35. b4 f6 36. e4 Kg8 37. e5 f5 38. Rxf5 h6 39. Rf1 Rc2 40. h3 Rd8 41. Rd1 Kh7 42. Kh2 Re2 43. Nc3 Rxd1 44. Nxe2 Re1 45. Nc3 Rxe5 46. b5 1/2-1/2

[Event "Hunan Belt and Road Open 2019"]
[Site "Hunan"]
[Date "2019.08.01"]
[Round "4.26"]
[White "Yeoh, Li Tian"]
[Black "Wang, Yiye"]
[Result "1/2-1/2"]
[ECO "A07"]
[WhiteElo "2528"]
[BlackElo "2440"]
[Annotator "RC"]
[PlyCount "116"]
[EventDate "2019.07.29"]
[EventType "swiss"]
[EventCountry "CHN"]
[SourceTitle "playchess.com"]
[Source "ChessBase"]
[SourceQuality "1"]
[TimeControl "5400+30"]

1. g3 d5 2. Nf3 c6 3. Bg2 Bg4 4. d3 Nd7 5. h3 Bxf3 6. Bxf3 g6 7. O-O Bg7 8. c3 e6 9. Nd2 Ne7 10. Bg2 O-O 11. Nf3 a5 12. Bd2 Nf5 13. Qc2 Qb6 14. Kh1 Nd6 15. Rad1 a4 16. Bc1 Qa5 17. c4 Qb6 18. e4 Qc5 19. b3 axb3 20. axb3 d4 21. Bd2 Qa3 22. Rb1 Ra6 23. Rfc1 Rfa8 24. Ne1 Qc5 25. Qd1 Ra2 26. Nc2 Qb6 27. Qe2 Qd8 28. Nb4 R2a3 29. Nc2 Ra2 30. f4 e5 31. Nb4 R2a3 32. Nc2 Ra2 33. b4 Qe7 34. Ra1 Qe8 35. Qd1 R8a7 36. c5 Nb5 37. Rxa2 Rxa2 38. Ra1 Qa8 39. Qb1 Ra4 40. h4 Nf6 41. Bh3 Nh5 42. Kg2 exf4 43. gxf4 Bh6 44. Kf3 Nc3 45. Rxa4 Qxa4 46. Qb2 Nd1 47. Qc1 Qb3 48. Bf1 Nb2 49. Nxd4 Qa2 50. Nc2 Qb3 51. Nd4 Qa2 52. Be2 Bg7 53. Nc2 Qe6 54. Qh1 Qb3 55. Na1 Qa2 56. Qc1 Qe6 57. Qh1 Qa2 58. Qc1 Qe6 1/2-1/2

[Event "Hunan Belt and Road Open 2019"]
[Site "Hunan"]
[Date "2019.08.01"]
[Round "4.27"]
[White "Raja Harshit"]
[Black "Dai, Changren"]
[Result "0-1"]
[ECO "C72"]
[WhiteElo "2434"]
[BlackElo "2510"]
[Annotator "ChessBase"]
[PlyCount "132"]
[EventDate "2019.07.29"]
[EventType "swiss"]
[EventCountry "CHN"]
[SourceTitle "playchess.com"]
[Source "ChessBase"]
[SourceQuality "1"]
[TimeControl "5400+30"]

1. e4 e5 2. Nf3 Nc6 3. Bb5 a6 4. Ba4 d6 5. O-O Bd7 6. d4 Nge7 7. c4 Ng6 8. Nc3 Be7 9. Be3 O-O 10. Rc1 Bg4 11. Bxc6 bxc6 12. h3 exd4 13. Bxd4 Be6 14. b3 Qd7 15. Be3 f5 16. exf5 Bxf5 17. Kh2 Rae8 18. Nd4 Bf6 19. Nxf5 Qxf5 20. Ne2 Be5+ 21. Kh1 Nh4 22. Qc2 Qf7 23. f4 Bb2 24. Qxb2 Rxe3 25. Rf2 Rfe8 26. Rc3 R3e4 27. Qd2 Qf6 28. Ng3 Re1+ 29. Kh2 Nf5 30. Nxf5 Qxf5 31. Rc1 R1e3 32. Rc3 Re1 33. Rc1 R1e4 34. Rcf1 a5 35. Qd3 Qc5 36. Qg3 Qf5 37. Qd3 Qf6 38. Qd2 a4 39. Qa5 axb3 40. axb3 Qf7 41. f5 c5 42. f6 Re2 43. Rxe2 Rxe2 44. Qa8+ Re8 45. Qc6 Rb8 46. Rf4 gxf6 47. Qf3 Rf8 48. g4 Kg7 49. h4 h6 50. Kg3 Re8 51. Re4 Re5 52. Rxe5 fxe5 53. Qe4 Kf6 54. Qc6 Ke6 55. Qd5+ Ke7 56. Qe4 Kd7 57. h5 Ke6 58. Qd5+ Ke7 59. Qe4 Qf4+ 60. Qxf4 exf4+ 61. Kxf4 Kf6 62. g5+ hxg5+ 63. Kg4 c6 64. h6 Kg6 65. h7 Kxh7 66. Kxg5 Kg7 0-1

[Event "Hunan Belt and Road Open 2019"]
[Site "Hunan"]
[Date "2019.08.01"]
[Round "4.28"]
[White "Lei, Tingjie"]
[Black "Fang, Yan"]
[Result "1/2-1/2"]
[ECO "A31"]
[WhiteElo "2505"]
[BlackElo "2424"]
[Annotator "ChessBase"]
[PlyCount "98"]
[EventDate "2019.07.29"]
[EventType "swiss"]
[EventCountry "CHN"]
[SourceTitle "playchess.com"]
[Source "ChessBase"]
[SourceQuality "1"]
[TimeControl "5400+30"]

1. e4 c5 2. Nf3 e6 3. d4 cxd4 4. Nxd4 a6 5. c4 Nf6 6. Nc3 Qc7 7. Be2 b6 8. Be3 Bb7 9. f3 d6 10. a4 Nbd7 11. O-O Be7 12. Qd2 O-O 13. Rfc1 Rac8 14. a5 bxa5 15. Nb3 Qb8 16. Nxa5 Ba8 17. b4 d5 18. c5 Qxb4 19. Rcb1 Bxc5 20. Rxb4 Bxb4 21. Bd4 e5 22. Qb2 Rb8 23. Nb5 Bxa5 24. Rxa5 exd4 25. Rxa6 d3 26. Bxd3 Nc5 27. Ra3 Nxd3 28. Rxd3 dxe4 29. fxe4 Bxe4 30. Rb3 h6 31. Rb4 Rfd8 32. Nd6 Rxb4 33. Qxb4 Bg6 34. h3 Kh7 35. Kh2 Rd7 36. Qb8 Ne4 37. Nc4 Nf6 38. Ne5 Rd2 39. Qb4 Rc2 40. Nxg6 fxg6 41. Kg3 Re2 42. Kf3 Re4 43. Qb1 h5 44. g3 g5 45. Kf2 g4 46. h4 Kg8 47. Qb3+ Kh7 48. Qb5 Kg8 49. Qf5 Kh8 1/2-1/2

[Event "Hunan Belt and Road Open 2019"]
[Site "Hunan"]
[Date "2019.08.01"]
[Round "4.29"]
[White "Chen, Qi b"]
[Black "Xu, Jun"]
[Result "1-0"]
[ECO "C00"]
[WhiteElo "2414"]
[BlackElo "2477"]
[Annotator "ChessBase"]
[PlyCount "69"]
[EventDate "2019.07.29"]
[EventType "swiss"]
[EventCountry "CHN"]
[SourceTitle "playchess.com"]
[Source "ChessBase"]
[SourceQuality "1"]
[TimeControl "5400+30"]

1. e4 c5 2. Nf3 e6 3. g3 Nc6 4. Bg2 Nf6 5. d3 d5 6. Nbd2 Be7 7. O-O O-O 8. Re1 b5 9. e5 Nd7 10. Nf1 Nd4 11. Nxd4 cxd4 12. Qg4 Kh8 13. Qxd4 Qc7 14. c4 Bc5 15. Qf4 bxc4 16. dxc4 Nb6 17. Be3 Bb7 18. Bxc5 Qxc5 19. Rec1 Qb4 20. a3 Qa4 21. Ne3 Qd7 22. Rd1 Rfd8 23. Rd4 Bc6 24. b4 Qe7 25. Rad1 g5 26. Qg4 Nd7 27. f4 gxf4 28. Qxf4 f6 29. exf6 Qf7 30. Ng4 Re8 31. Ne5 Nxe5 32. Qxe5 a5 33. b5 Bd7 34. Rg4 Rg8 35. Rxg8+ 1-0

[Event "Hunan Belt and Road Open 2019"]
[Site "Hunan"]
[Date "2019.08.01"]
[Round "4.30"]
[White "Taher, Yoseph Theolifus"]
[Black "Lin, Weiguo"]
[Result "1-0"]
[ECO "B23"]
[WhiteElo "2460"]
[BlackElo "2408"]
[Annotator "ChessBase"]
[PlyCount "91"]
[EventDate "2019.07.29"]
[EventType "swiss"]
[EventCountry "CHN"]
[SourceTitle "playchess.com"]
[Source "ChessBase"]
[SourceQuality "1"]
[TimeControl "5400+30"]

1. e4 c5 2. Nc3 e6 3. f4 Nc6 4. Nf3 d5 5. Bb5 d4 6. Bxc6+ bxc6 7. Ne2 Nf6 8. d3 Be7 9. b3 O-O 10. O-O a5 11. a4 Nd7 12. Bd2 f5 13. Ng3 Qc7 14. Qe2 Nf6 15. Rae1 Bd8 16. Ne5 Ra7 17. Qf3 Ra6 18. Re2 Nd7 19. Nc4 g6 20. Nh1 Nf6 21. Nf2 Ne8 22. Rfe1 Nd6 23. exf5 exf5 24. Bc1 Bf6 25. Ba3 Nb7 26. g3 Ra8 27. Kg2 Bd7 28. h4 Rae8 29. Bc1 Rxe2 30. Rxe2 Re8 31. Rxe8+ Bxe8 32. Bd2 Bf7 33. Qe2 Qd8 34. Nh3 h6 35. Ng1 Bd5+ 36. Nf3 Kg7 37. Kf2 Qc7 38. Nfe5 Qd8 39. Qe1 g5 40. Nxa5 gxf4 41. Nxb7 Qe7 42. Bxf4 Qxb7 43. Qd2 Kh7 44. Qe2 Qg7 45. Qh5 Be6 46. Nf3 1-0

[Event "Hunan Belt and Road Open 2019"]
[Site "Hunan"]
[Date "2019.08.01"]
[Round "4.31"]
[White "Zhu, Jiner"]
[Black "Gan-Erdene, Sugar"]
[Result "1-0"]
[ECO "B20"]
[WhiteElo "2454"]
[BlackElo "2408"]
[Annotator "ChessBase"]
[PlyCount "87"]
[EventDate "2019.07.29"]
[EventType "swiss"]
[EventCountry "CHN"]
[SourceTitle "playchess.com"]
[Source "ChessBase"]
[SourceQuality "1"]
[TimeControl "5400+30"]

1. e4 c5 2. b3 Nc6 3. Bb2 d6 4. f4 e5 5. Nf3 exf4 6. Bc4 Bg4 7. O-O Nf6 8. Qe1 Be7 9. e5 dxe5 10. Nxe5 Nxe5 11. Bxe5 O-O 12. Rxf4 Bh5 13. Nc3 Bg6 14. Qf2 Nd7 15. d4 Bg5 16. Rf3 Nxe5 17. dxe5 Qd4 18. Re1 a6 19. Nd5 Rad8 20. e6 fxe6 21. Nc7 Rxf3 22. Qxd4 cxd4 23. gxf3 Be3+ 24. Kf1 Rd6 25. Bxe6+ Kf8 26. Bc4 b5 27. Bd3 Bf7 28. a4 Rc6 29. axb5 Rxc7 30. bxa6 Bd5 31. Ke2 Rf7 32. Rf1 Ke7 33. c4 Ba8 34. b4 Bf4 35. c5 Kd7 36. b5 Re7+ 37. Be4 Re5 38. Kd3 Rxc5 39. Bxa8 Rxb5 40. Ra1 Rb3+ 41. Kc4 Rc3+ 42. Kxd4 Re3 43. Be4 Rb3 44. a7 1-0

[Event "Hunan Belt and Road Open 2019"]
[Site "Hunan"]
[Date "2019.08.01"]
[Round "4.32"]
[White "Zhao, Yuanhe"]
[Black "Zhao, Chenxi"]
[Result "1-0"]
[ECO "E91"]
[WhiteElo "2448"]
[BlackElo "2400"]
[Annotator "NA"]
[PlyCount "125"]
[EventDate "2019.07.29"]
[EventType "swiss"]
[EventCountry "CHN"]
[SourceTitle "playchess.com"]
[Source "ChessBase"]
[SourceQuality "1"]
[TimeControl "5400+30"]

1. Nf3 Nf6 2. c4 g6 3. Nc3 Bg7 4. e4 d6 5. d4 O-O 6. h3 a6 7. Be3 c6 8. a4 a5 9. Be2 Na6 10. O-O Nd7 11. Qd2 e5 12. d5 c5 13. Nb5 Nf6 14. Bd3 Nb4 15. Bb1 Qe7 16. Bg5 Bd7 17. Ra3 b6 18. Nh2 Bxb5 19. cxb5 Qe8 20. Re1 Nd7 21. Nf1 f6 22. Be3 Qf7 23. Ng3 Kh8 24. Rd1 Rfe8 25. Qc1 Qf8 26. Bd2 Rac8 27. Rf3 c4 28. Rc3 Nc5 29. Rxc4 Nb3 30. Qc3 Rxc4 31. Qxc4 Nxd2 32. Rxd2 Rc8 33. Qf1 Bh6 34. Rd1 Qf7 35. Ne2 Qc7 36. Nc3 Qc4 37. Qxc4 Rxc4 38. Kf1 Kg7 39. Ke2 Kf7 40. g3 Ke7 41. h4 Kf7 42. f3 Ke7 43. Bd3 Rc8 44. Rh1 Kf7 45. Rf1 Kg7 46. f4 Rc7 47. Kd2 Rc8 48. Nb1 f5 49. exf5 exf4 50. g4 g5 51. Nc3 Rc5 52. h5 Nxd5 53. Nxd5 Rxd5 54. b4 Rd4 55. bxa5 Rxa4 56. axb6 Ra8 57. b7 Rb8 58. Be4 d5 59. Bxd5 Kf6 60. Rc1 Bf8 61. Rc8 Bd6 62. Rxb8 Bxb8 63. h6 1-0

[Event "Hunan Belt and Road Open 2019"]
[Site "Hunan"]
[Date "2019.08.01"]
[Round "4.34"]
[White "Munkhgal, Gombosuren"]
[Black "Lou, Yiping"]
[Result "0-1"]
[ECO "D02"]
[WhiteElo "2442"]
[BlackElo "2489"]
[Annotator "ChessBase"]
[PlyCount "106"]
[EventDate "2019.07.29"]
[EventType "swiss"]
[EventCountry "CHN"]
[SourceTitle "playchess.com"]
[Source "ChessBase"]
[SourceQuality "1"]
[TimeControl "5400+30"]

1. d4 Nf6 2. Nf3 d5 3. Bf4 c5 4. e3 Nc6 5. Nbd2 e6 6. c3 cxd4 7. exd4 Nh5 8. Be3 Bd6 9. Ne5 g6 10. Nd3 Qc7 11. g3 O-O 12. Bg2 b6 13. Rc1 Na5 14. c4 Bb7 15. c5 bxc5 16. Nxc5 Bc6 17. O-O Qb6 18. b3 Ng7 19. Nf3 Nf5 20. Ne5 Rfc8 21. Re1 Be8 22. Qd2 Nc6 23. Ng4 Be7 24. Nh6+ Nxh6 25. Bxh6 Qb4 26. Qxb4 Nxb4 27. a3 Bxc5 28. Rxc5 Rxc5 29. dxc5 Nd3 30. Rd1 Nxc5 31. b4 Nb7 32. Rc1 Nd6 33. Be3 a6 34. Bf1 Bb5 35. Bf4 Nf5 36. Rc7 Nd4 37. Be3 Nf3+ 38. Kg2 Ne1+ 39. Kg1 d4 40. Bxb5 axb5 41. Bh6 d3 42. Rd7 Nf3+ 43. Kg2 Ne5 44. Rd4 f6 45. Bf4 Rxa3 46. Bxe5 fxe5 47. Rd7 e4 48. Rd4 Ra1 49. g4 Kf7 50. Rd7+ Kf6 51. Kg3 g5 52. h4 Rg1+ 53. Kh2 Rxg4 0-1

[Event "Hunan Belt and Road Open 2019"]
[Site "Hunan"]
[Date "2019.08.01"]
[Round "4.35"]
[White "Fang, Yuxiang"]
[Black "Setyaki, Azarya Jodi"]
[Result "1/2-1/2"]
[ECO "A45"]
[WhiteElo "2476"]
[BlackElo "2409"]
[Annotator "ChessBase"]
[PlyCount "107"]
[EventDate "2019.07.29"]
[EventType "swiss"]
[EventCountry "CHN"]
[SourceTitle "playchess.com"]
[Source "ChessBase"]
[SourceQuality "1"]
[TimeControl "5400+30"]

1. d4 Nf6 2. Bf4 g6 3. Nc3 d5 4. e3 Bg7 5. h4 h5 6. Be2 O-O 7. Nf3 c5 8. Qd2 cxd4 9. exd4 Bg4 10. Ne5 Bxe2 11. Qxe2 Nc6 12. O-O-O Rc8 13. Kb1 Qb6 14. Qb5 Qxb5 15. Nxb5 Ne4 16. Rhf1 a6 17. Na3 Rfd8 18. c3 Na5 19. f3 Nd6 20. Nd3 Nac4 21. Nxc4 Nxc4 22. Rfe1 Bf6 23. g3 a5 24. a4 Nd6 25. Bxd6 Rxd6 26. Ne5 e6 27. Kc2 Kf8 28. f4 Ke7 29. Ra1 Rc7 30. Ra3 Rb6 31. Rb3 Rxb3 32. Kxb3 Bxe5 33. fxe5 f6 34. exf6+ Kxf6 35. Kc2 Ke7 36. Kd3 Rc8 37. Rf1 Rg8 38. b4 Ra8 39. Rb1 Kf6 40. c4 dxc4+ 41. Kxc4 axb4 42. Rxb4 Rc8+ 43. Kb3 Rc7 44. a5 Kf5 45. Rb5+ Ke4 46. Re5+ Kxd4 47. Rxe6 Rc3+ 48. Ka4 Rxg3 49. Rb6 Kc5 50. Rxb7 Rg4+ 51. Kb3 Rxh4 52. a6 Rh1 53. Kb2 Rh2+ 54. Kb3 1/2-1/2

[Event "Hunan Belt and Road Open 2019"]
[Site "Hunan"]
[Date "2019.08.01"]
[Round "4.36"]
[White "Li, Shilong"]
[Black "Zou, Chen"]
[Result "0-1"]
[ECO "E05"]
[WhiteElo "2457"]
[BlackElo "2440"]
[Annotator "ChessBase"]
[PlyCount "124"]
[EventDate "2019.07.29"]
[EventType "swiss"]
[EventCountry "CHN"]
[SourceTitle "playchess.com"]
[Source "ChessBase"]
[SourceQuality "1"]
[TimeControl "5400+30"]

1. d4 Nf6 2. c4 e6 3. Nf3 d5 4. g3 Be7 5. Bg2 O-O 6. O-O dxc4 7. Qa4 a6 8. Qxc4 b5 9. Qc2 Bb7 10. Bd2 Be4 11. Qc1 Bb7 12. Rd1 Qc8 13. a4 Nbd7 14. axb5 axb5 15. Na3 b4 16. Nc4 c5 17. Bf4 Bd5 18. Nd6 Qc6 19. dxc5 Rxa1 20. Qxa1 Nxc5 21. Nd4 Qd7 22. N4f5 Bd8 23. Ne3 Bxg2 24. Nxg2 Nd5 25. Qc1 Qa4 26. Be5 Nd7 27. Bd4 Qa6 28. Nc4 Bf6 29. e4 Rc8 30. b3 Bxd4 31. exd5 Nc5 32. dxe6 Nxb3 33. exf7+ Kf8 34. Qc2 Qxc4 35. Qxh7 Kxf7 36. Nf4 Ra8 37. Re1 Qc6 38. Qh5+ Kg8 39. Nd5 Bc5 40. h4 Rf8 41. Ne7+ Bxe7 42. Rxe7 Qc1+ 43. Kg2 Qc5 44. Qxc5 Nxc5 45. Rc7 Nd3 46. Rb7 Rxf2+ 47. Kh3 Rf7 48. Rb8+ Rf8 49. Rb7 Rc8 50. Kg4 Rc3 51. Kf5 b3 52. g4 b2 53. g5 Rc1 54. Rb8+ Kf7 55. Rb7+ Ke8 56. Rb8+ Ke7 57. Rb7+ Kd6 58. Rb6+ Kc5 59. Rxb2 Nxb2 60. Kg6 Nd3 61. Kxg7 Nf4 62. Kh6 Rh1 0-1